Map: Neon Violet Square LE

Players

Classic - Winner!

  • Race: Protoss Protoss
  • Spawn Location: 11:00

Trap

  • Race: Protoss Protoss
  • Spawn Location: 5:00

Event: IEM Season 12 - Katowice

VOD

Have the link to the VOD?

Description

Time

  • Played on: March 2, 2018, 11:02 a.m.
  • Length: 4:36

All games in this series

Show
View Real Time Build Order
Export as new Build Order

Classic Protoss - Winner!

Build Orders: Oracle Opening 

Get SALT Encoding   

  12  0:00  Probe  
  13  0:12  Probe  
  14  0:19  Pylon  
  14  0:24  Probe  
  15  0:37  Probe (Chrono Boost)  
  15  0:39  Gateway  
  16  0:46  Probe (Chrono Boost), Assimilator  
  17  0:51  Probe (Chrono Boost)  
  17  0:55  Assimilator  
  18  1:03  Probe (Chrono Boost)  
  19  1:11  Probe (Chrono Boost)  
  20  1:14  Gateway  
  20  1:17  Probe  
  21  1:25  Cybernetics Core  
  21  1:29  Probe  
  22  1:37  Pylon  
  22  1:41  Probe  
  23  1:55  Probe  
  24  2:02  Adept x2  
  24  2:03  Warp Gate  
  28  2:13  Stargate  
  28  2:19  Pylon  
  28  2:33  Stalker  
  28  2:36  Stalker  
  32  2:55  Oracle (Chrono Boost)  
  34  3:12  Nexus  
  34  3:19  Pylon  
  34  3:25  Oracle (Chrono Boost)  
  37  3:34  Probe  
  38  3:44  Robotics Facility  
  38  3:48  Probe  
  39  4:00  Probe  
  40  4:12  Probe  
  40  4:15  Forge  
Show
View Real Time Build Order
Export as new Build Order

Trap Protoss 

Build Orders:  

Get SALT Encoding   

  12  0:00  Probe  
  13  0:12  Probe  
  14  0:17  Pylon  
  14  0:24  Probe (Chrono Boost)  
  15  0:37  Probe (Chrono Boost)  
  15  0:38  Gateway  
  16  0:45  Probe (Chrono Boost)  
  17  0:51  Probe  
  17  0:54  Assimilator  
  18  0:59  Assimilator  
  18  1:03  Probe (Chrono Boost)  
  19  1:13  Probe (Chrono Boost)  
  19  1:14  Gateway  
  19  1:18  Probe (Chrono Boost)  
  20  1:25  Cybernetics Core  
  21  1:29  Probe  
  22  1:34  Pylon  
  22  1:41  Probe  
  23  1:53  Probe  
  24  2:01  Warp Gate (Chrono Boost), Stalker  
  24  2:02  Sentry  
  28  2:12  Pylon  
  28  2:28  Stalker  
  30  2:39  Nexus  
  32  2:56  Shield Battery  
  32  2:57  Probe  
  33  3:07  Shield Battery  
  33  3:08  Stalker  
  33  3:14  Shield Battery  
  33  3:16  Stalker  
  35  3:23  Pylon  
  35  3:26  Probe  
  36  3:35  Robotics Facility  
  36  3:39  Sentry  
  38  3:44  Probe, Shield Battery  
  36  3:56  Probe  
  37  4:08  Probe  
  38  4:12  Shield Battery  
  38  4:13  Stalker x2  
  42  4:19  Probe  
  42  4:20  Probe  

Tags
 
Add a new tag
Caveats
  • Supply blocks, unpowered buildings, or Contaminate may cause inaccurate times.
  • Supply counts are checked every 10 seconds.